 Dungeon Crawl Stone Soup version 0.24.0-125-gc4c63601f3 (webtiles) character file.

Game seed: 2569161351989633159, levelgen mode: deterministic

81 Curus the Poker (level 4, -2/33 HPs)
             Began as a Merfolk Gladiator on Mar 2, 2020.
             Slain by a gnoll
             ... wielding a +0 halberd
              (6 damage)
             ... on level 3 of the Dungeon.
             The game lasted 00:07:05 (1325 turns).

Curus the Poker (Merfolk Gladiator)                 Turns: 1325, Time: 00:07:05

Health: -2/33      AC:  5    Str: 14    XL:     4   Next: 40%
Magic:  4/4        EV: 14    Int:  7    God:
Gold:   104        SH:  0    Dex: 16    Spells: 3/3 levels left

rFire    . . .     SeeInvis .   a - +0 trident
rCold    . . .     Gourm    .   (no shield)
rNeg     . . .     Faith    .   b - +0 leather armour
rPois    .         Spirit   .   c - +1 helmet
rElec    .         Reflect  .   (no cloak)
rCorr    .         Harm     .   (no gloves)
MR       .....                  (no boots)
Stlth    ..........             (no amulet)
HPRegen  0.11/turn              i - ring of attention (curse)
MPRegen  0.09/turn              (no ring)

@: about to teleport
A: change form in water, swift swim, stealthy swim
a: no special abilities


You were on level 3 of the Dungeon.
You were hungry.

You visited 1 branch of the dungeon, and saw 3 of its levels.

You collected 104 gold pieces.

Inventory:

Hand Weapons
 a - a +0 trident (weapon)
Missiles
 d - 3 throwing nets (quivered)
Armour
 b - a +0 leather armour (worn)
 c - a +1 helmet (worn)
Jewellery
 i - a cursed ring of attention (left hand)
Wands
 h - a wand of paralysis (10)
Scrolls
 e - 2 scrolls of identify
Comestibles
 f - 7 rations
 j - a chunk of flesh


   Skills:
 - Level 2.1 Fighting
 + Level 7.4 Polearms
 - Level 2.0 Throwing
 - Level 4.0 Dodging


You had 3 spell levels left.
You didn't know any spells.
Your spell library was empty.

Dungeon Overview and Level Annotations

Branches:
Dungeon (3/15)

Altars:
Elyvilon


Message History

You hit the gnoll.
The gnoll is lightly wounded.
The gnoll barely misses you.
You puncture the gnoll!
The gnoll is severely wounded.
The gnoll hits you.
You puncture the gnoll!
You kill the gnoll!
The gnoll barely misses you.
Attack whom?
Press: ? - help, Dir - move target cursor, f - gnoll
Aim: a gnoll, wielding a +0 halberd You reach to attack!
You hit the gnoll but do no damage.
The gnoll hits you from afar with a +0 halberd!
* * * LOW HITPOINT WARNING * * *
Found a ring mail.
As you read the scroll of teleportation, it crumbles to dust.
You feel strangely unstable.
The gnoll hits you from afar with a +0 halberd.
You die...

#...#....##
###.g.#### #...####
#...)..# #...##g#
........#†#
........#.###
.!......>#.#.######
..<......#..g.g.@.#
.........###.####[.#
.###### ### #.# .# #


You could see 2 gnolls.

Vanquished Creatures
  A gnoll (D:3)
  2 adders (D:2)
  A worm (D:3)
  A dart slug (D:2)
  2 leopard geckos (D:3)
  8 bats
  2 giant cockroaches (D:1)
  9 goblins
  6 hobgoblins
  A ball python (D:2)
  4 frilled lizards
  5 kobolds
  6 rats
48 creatures vanquished.

Notes
Turn   | Place    | Note
-------+----------+-------------------------------------------
     0 | D:1      | Curus the Merfolk Gladiator began the quest for the Orb.
     0 | D:1      | Reached XP level 1. HP: 16/16 MP: 1/1
    95 | D:1      | Reached skill level 5 in Polearms
   116 | D:1      | Reached XP level 2. HP: 22/22 MP: 2/2
   456 | D:2      | Reached skill level 6 in Polearms
   456 | D:2      | Reached XP level 3. HP: 20/27 MP: 3/3
   786 | D:2      | Found a white marble altar of Elyvilon.
   882 | D:2      | Reached skill level 7 in Polearms
   882 | D:2      | Reached XP level 4. HP: 32/33 MP: 4/4
  1325 | D:3      | Slain by a gnoll

Levels and vault maps discovered:
D:1:      matt_arrival_diagonals, layout_rooms, ebering_dispersal_statue_hall,
          chequers_serial_rivers_small_b, hex_large
D:2:      layout_loops_ring, lemuel_coloured_pillars_altar, first_ration
D:3:      layout_basic, nicolae_overflow_hidden_temple,
          chequers_ecumenical_altar_island, tgw_xom

Skill      XL: |  1  2  3 |
---------------+----------+-----
Polearms       | 5 6 7 |  7.4
Fighting       | |  2.1
Throwing       | |  2.0
Dodging        | |  4.0

Action                   |  1- 3 |  4- 6 || total
-------------------------+-------+-------++-------
Melee: Trident           |   132 |    33 ||   165
  Use: Potion            |     1 |       ||     1
       Scroll            |     4 |     1 ||     5
  Eat: Chunk             |       |     1 ||     1
Armor: Leather armour    |    30 |     2 ||    32
Dodge: Dodged            |    75 |    12 ||    87
